 Dungeon Crawl Stone Soup version 0.27.1-34-g3ba077fa99 (webtiles) character file.

Game seed: 9815845366489282496

5322 Delamore the Covert (level 10, -9/66 HPs)
             Began as an Octopode Brigand on Feb 12, 2022.
             Was an Initiate of Gozag.
             Mangled by an orc warrior (22 damage)
             ... in a bailey.
             The game lasted 00:16:54 (12651 turns).

Delamore the Covert (Octopode Brigand)             Turns: 12651, Time: 00:16:55

Health: -9/66      AC:  1    Str: 10    XL:     10   Next: 64%
Magic:  0/10       EV: 15    Int: 13    God:    Gozag
Gold:   825        SH:  5    Dex: 18    Spells: 9/9 levels left

rFire    + . .     SeeInvis .   a - +2 dagger
rCold    + . .     Faith    .   G - +0 buckler
rNeg     . . .     Spirit   +   (helmet restricted)
rPois    .         Reflect  .   r - amulet of guardian spirit
rElec    .         Harm     .   m - ring of resist corrosion
rCorr    +         Rampage  .   p - ring of wizardry
Will     .....                  h - ring of protection from cold
Stlth    ++++++....             x - ring of protection from fire
HPRegen  0.21/turn              C - ring of wizardry
MPRegen  0.12/turn              (no ring)
                                (no ring)
                                (no ring)

@: about to teleport, studying Slings
A: almost no armour, amphibious, 8 rings, camouflage 1, gelatinous body 1,
(nimble swimmer 1), tentacles
a: Renounce Religion, Potion Petition, Call Merchant, Bribe Branch


You were in a bailey.
You worshipped Gozag.
Gozag was pleased with you.
You visited 2 branches of the dungeon, and saw 9 of its levels.
You also visited: Bailey.

You collected 1541 gold pieces.
You spent 671 gold pieces at shops.
You paid 45 gold pieces to Gozag.

Inventory:

Hand Weapons
 a - a +2 dagger (weapon)
Missiles
 y - 2 throwing nets (quivered)
Armour
 G - a +0 buckler (worn)
Jewellery
 h - a ring of protection from cold (on tentacle)
 m - a ring of resist corrosion (left tentacle)
 p - a ring of wizardry (right tentacle)
 r - an amulet of guardian spirit (around mantle)
 x - a ring of protection from fire (on tentacle)
 C - a ring of wizardry (on tentacle)
 H - a ring of fire
Wands
 o - a wand of flame (10)
Scrolls
 f - a scroll of silence
 i - a scroll of vulnerability
 j - a scroll of enchant armour
 k - 3 scrolls of teleportation
 l - 3 scrolls of amnesia
 n - a scroll of enchant weapon
 q - 3 scrolls of magic mapping
 s - a scroll of immolation
 u - a scroll of noise
 D - a scroll of brand weapon {unknown}
Potions
 d - a potion of might {unknown}
 e - 3 potions of heal wounds {unknown}
 g - a potion of resistance {unknown}
 t - a potion of attraction {unknown}
 w - 2 potions of mutation {unknown}
 A - 2 potions of curing {unknown}
 B - 2 potions of magic {unknown}
 E - a potion of degeneration {unknown}


   Skills:
 - Level 5.0 Fighting
 - Level 10.0 Short Blades
 - Level 5.0 Throwing
 - Level 5.0 Dodging
 + Level 10.8 Stealth
 + Level 2.9 Shields
 - Level 5.0 Evocations


You had 9 spell levels left.
You didn't know any spells.
Your spell library contained the following spells:

 Spells                   Type           Power      Damage    Failure   Level
 Slow                     Hex            0%         N/A       14%         2
 Confusing Touch          Hex            0%         N/A       26%         3
 Vampiric Draining        Necr           0%         2d6       26%         3
 Passage of Golubria      Tloc           N/A        N/A       63%         4
 Silence                  Hex/Air        0%         N/A       90%         5
 Lehudib's Crystal Spear  Conj/Erth      0%         10d2      100%        8


Dungeon Overview and Level Annotations

Branches:
Dungeon (8/15)             Temple (1/1) D:5          Bailey (1/1)
   Lair: D:8-11

Altars:
Ashenzari
Dithmenos
Fedhas
Gozag
Hepliaklqana
Kikubaaqudgha
Nemelex Xobeh
Okawaru
Ru
Trog
Uskayaw
Xom
Yredelemnul
Zin

Shops:
D:5 [*[*:[

Annotations:
D:7 2 exclusions


Innate Abilities, Weirdness & Mutations

You cannot wear most types of armour.
You are amphibious.
You can wear up to eight rings at the same time.
Your skin changes colour to match your surroundings (Stealth+).
Your rubbery body absorbs attacks. (AC +1, EV +1)
((You are camouflaged near water. (Stealth+)))
You have tentacles for arms and can constrict up to eight enemies at once.


Message History

The orc warrior is heavily wounded.
You constrict the orc warrior.
The orc warrior hits you with a +0 war axe!
You hit the orc but do no damage. You grab the orc.
You constrict the orc warrior, but do no damage.
You constrict the orc, but do no damage.
The orc misses you. The gnoll barely misses you.
You hit the orc warrior but do no damage.
The orc warrior is heavily wounded.
You constrict the orc warrior. You constrict the orc.
You block the orc warrior's attack.
You don't know any spells.
Unknown command.
Aiming: Paralyse
Press: ? - help, Shift-Dir - straight line, f - orc warrior
Aim: an orc warrior, wielding a +0 war axe and wearing a +0 chain mail (heavily wounded, constricted by you, chance to affect: 61%)
The orc warrior resists with significant effort.
The now-empty wand crumbles to dust.
You constrict the orc warrior, but do no damage.
You constrict the orc. The orc hits you with a +0 hand axe.
* * * LOW HITPOINT WARNING * * *
The gnoll barely misses you. You block the orc warrior's attack.
You release your grip on the orc warrior.
You release your grip on the orc.
The orc barely misses you. The orc hits you with a +0 hand axe.
* * * LOW HITPOINT WARNING * * *
An orc warlord comes into view.
It is wielding a +2 battleaxe of flaming.
You see here a poisoned dart.
There is an open door, spattered with blood here.
Items here: $ ( ) [.
As you read the scroll of teleportation, it crumbles to dust.
You feel strangely unstable.
The orc warlord shouts!
The gnoll hits you with a +0 hand axe.
* * * LOW HITPOINT WARNING * * *
The orc warlord roars a battlecry!
The orcs go into a battle-frenzy!
The orc warrior hits you with a +0 war axe!!
You die...
Your body crumbles into a pile of gold.

##
###...$..$..##.......♣
$$#....$.(....#.......♣
$ #....$$..$$.'........
$$#.....⌠..$$.$..∩.∩..♣
$ #...........$..$.....
$$#......$....#$.......
##
###....$....##......♣♣
.###
###.###og...###♣♣.$...♣
...### ###.....#@#.###
♣♣...♣♣
.....###.......$(###
♣♣♣♣♣
......#...........#
....$.#..o........#
⌠.....#...$.⌠.....#
......'...$$o.....#
.....$#....$$.....#
.....###.........##
...### ###.....###


You could see an orc warlord, an orc knight (wandering, strong), an orc warrior
(strong) and a gnoll.

Vanquished Creatures
  A two-headed ogre (D:7)
  A troll (D:7)
  A hornet (D:7)
  6 yaks (D:5)
  Menkaure (D:7)
  A steam dragon (D:7)
  Edmund (D:4)
  5 orc warriors (Bailey)
  2 black bears
  A sky beast (D:7)
  2 necrophages
  2 ogres (D:4)
  2 phantoms
  2 centaurs
  A kobold brigand (D:7)
  2 scorpions
  A water moccasin zombie (D:5)
  A wyvern skeleton (D:7)
  A killer bee (D:7)
  7 wights
  A jelly (D:6)
  4 centaur zombies
  A hound (D:6)
  2 orc priests
  A gnoll shaman (D:4)
  3 bullfrog skeletons
  4 iguanas
  A scorpion zombie (D:5)
  An orc wizard (D:3)
  A hound skeleton (D:5)
  2 howler monkey skeletons
  10 adders
  19 gnolls
  4 shadow imps
  2 white imps (D:7)
  An adder skeleton (D:4)
  2 dart slugs
  23 orcs
  4 ball pythons
  5 endoplasms
  3 giant cockroaches
  27 goblins
  12 hobgoblins
  3 jackals (D:4)
  8 kobolds
  5 quokkas
  6 bats
  3 frilled lizards
  5 rats
204 creatures vanquished.

Notes
Turn   | Place    | Note
-------+----------+-------------------------------------------
     0 | D:1      | Delamore the Octopode Brigand began the quest for the Orb.
     0 | D:1      | Reached XP level 1. HP: 14/14 MP: 1/1
    83 | D:1      | Found a faded altar of an unknown god.
   378 | D:1      | Reached XP level 2. HP: 19/19 MP: 2/2
   727 | D:2      | Reached XP level 3. HP: 24/24 MP: 3/3
  1052 | D:2      | Reached XP level 4. HP: 29/29 MP: 4/4
  2459 | D:3      | Reached XP level 5. HP: 31/34 MP: 5/5
  3097 | D:3      | Reached XP level 6. HP: 39/39 MP: 6/6
  3711 | D:4      | Noticed Edmund
  3838 | D:4      | Killed Edmund
  3839 | D:4      | Reached XP level 7. HP: 23/45 MP: 4/7
  4070 | D:4      | Reached skill level 10 in Stealth
  4410 | D:4      | Found an iron altar of Okawaru.
  4417 | D:4      | Reached skill level 5 in Short Blades
  4673 | D:5      | Entered Level 5 of the Dungeon
  4789 | D:5      | Found Tosiysm's Armour Shoppe.
  4798 | D:5      | Found a hide-covered altar of Uskayaw.
  5003 | D:5      | Found a staircase to the Ecumenical Temple.
  5020 | D:5      | Found Lopp's Overcharged Wands.
  5032 | D:5      | Reached XP level 8. HP: 27/50 MP: 3/8
  5048 | Temple   | Entered the Ecumenical Temple
  5177 | Temple   | Became a worshipper of Gozag Ym Sagoz the Greedy
  5325 | D:5      | Found Jewaen's Antique Armour Emporium.
  5383 | D:5      | Found a hazy altar of Hepliaklqana.
  5414 | D:5      | Found Hutisued's Book Shop.
  5415 | D:5      | Found Surgholl's General Store.
  6273 | D:5      | Noticed a yak
  6273 | D:5      | Noticed a yak
  6273 | D:5      | Noticed a yak
  6273 | D:5      | Noticed a yak
  6304 | D:5      | Noticed a yak
  6307 | D:5      | Noticed a yak
  6350 | D:5      | Killed a yak
  6516 | D:5      | Found Xevoesiwa's Antique Armour Shoppe.
  6711 | D:5      | Killed a yak
  6800 | D:5      | Killed a yak
  6818 | D:5      | Killed a yak
  6819 | D:5      | Reached XP level 9. HP: 30/54 MP: 9/9
  6840 | D:5      | Reached skill level 10 in Short Blades
  6966 | D:5      | Reached skill level 1 in Evocations
  7375 | D:6      | HP: 2/50 [wight (3)]
  7981 | D:6      | Found a sacrificial altar of Ru.
  8916 | D:7      | Noticed a two-headed ogre
  8917 | D:7      | Killed a two-headed ogre
  9002 | D:7      | Reached XP level 10. HP: 57/64 MP: 8/10
  9463 | D:7      | Noticed a skeletal warrior
 10539 | D:7      | Noticed Menkaure
 10549 | D:7      | Killed Menkaure
 10550 | D:7      | Reached skill level 5 in Fighting
 10550 | D:7      | Reached skill level 5 in Throwing
 10681 | D:7      | Reached skill level 5 in Evocations
 10756 | D:7      | Reached skill level 5 in Dodging
 10777 | D:7      | Found a broken altar of Ashenzari.
 10825 | D:7      | Reached skill level 1 in Shields
 10984 | D:5      | Bought a scroll of acquirement for 572 gold pieces
 10984 | D:5      | Acquired 793 gold pieces
 11034 | D:5      | Bought a buckler for 99 gold pieces
 11079 | D:8      | Found a flagged portal.
 11123 | Bailey   | Entered a bailey
 12268 | Bailey   | Noticed an orc knight
 12649 | Bailey   | Noticed an orc warlord
 12651 | Bailey   | Mangled by an orc warrior

Illustrated notes

Levels and vault maps discovered:
D:1:      psy_arrival_dodecagon, layout_loops_cross, basic_ecumenical_altar
D:2:      layout_basic, kennysheep_another_room, ebering_dispersal_statue_hall
D:3:      layout_basic
D:4:      layout_basic, kennysheep_mini_moat, uniq_edmund
D:5:      layout_basic, worldfamousw_hep_ancestral_shrine, lemuel_doored_altar,
          minmay_temple_entry_enclosed_plants, serial_shops, shop,
          kennysheep_little_box, shop, nicolae_shop_waterfront, shop,
          minivault_11, nicolae_shop_overcharged_wands
D:6:      layout_basic, mainiacjoe_overflow_alcove_2
D:7:      minmay_the_grid_octo_2x2 [minmay_the_grid_octo_thin_diamonds,
          minmay_the_grid_octo_horde, minmay_the_grid_octo_fat_diamond,
          minmay_the_grid_octo_prize_ultimate_mussel_roller],
          layout_loops_cross, mainiacjoe_overflow_alcove_4, wad_floor_pattern_2,
          minmay_misc_feat_four_crosses, uniq_menkaure
D:8:      layout_gridville, enter_bailey_5, mrwooster_statue_mirror,
          uniq_maurice, uniq_joseph
Temple:   nicolae_temple_x_marks_the_god
Bailey:   bailey_axe_minmay_hex_keep, bailey

Skill      XL: |  1  2  3  4  5  6  7  8  9 10 |
---------------+-------------------------------+-----
Stealth        | 6 7 8 9 10 | 10.8
Short Blades   | 3 4 6 9 10 | 10.0
Evocations     | 3 5 |  5.0
Dodging        | 3 5 |  5.0
Fighting       | 4 5 |  5.0
Throwing       | 4 5 |  5.0
Shields        | 2 |  2.9

Action                   |  1- 3 |  4- 6 |  7- 9 | 10-12 || total
-------------------------+-------+-------+-------+-------++-------
Melee: Dagger            |    42 |    99 |   259 |   285 ||   685
       Constrict         |    11 |    24 |    30 |    64 ||   129
       Tentacles         |     3 |    23 |    61 |    90 ||   177
Throw: Dart              |       |     4 |    12 |    17 ||    33
       Boomerang         |       |       |    75 |       ||    75
       Throwing net      |       |       |       |     1 ||     1
Evoke: Wand              |       |       |     4 |     8 ||    12
  Use: Scroll            |       |     4 |     4 |     4 ||    12
 Stab: Sleeping          |    12 |     7 |    15 |     7 ||    41
       Held in net/web   |       |       |       |     1 ||     1
Armor: Skin              |     3 |     7 |     8 |    13 ||    31
Dodge: Dodged            |    14 |    67 |   110 |   144 ||   335
Block: Buckler           |       |       |       |    22 ||    22
